 Dungeon Crawl Stone Soup version 0.22-a0-525-gf69a080 (webtiles) character file.

256 Gildeon the Sneak (level 5, 0/25 HPs)
             Began as a Spriggan Assassin on June 22, 2018.
             Slain by an iguana (14 damage)
             ... on level 4 of the Dungeon.
             The game lasted 00:28:35 (5290 turns).

Gildeon the Sneak (Spriggan Assassin)               Turns: 5290, Time: 00:28:36

Health: 0/25       AC:  4    Str:  7    XL:     5   Next: 92%
Magic:  7/7        EV: 19    Int: 15    God:
Gold:   209        SH:  0    Dex: 19    Spells: 6/6 levels left

rFire    x . .     SeeInvis +   a - +0 dagger (speed)
rCold    + . .     Gourm    .   (shield restricted)
rNeg     + + .     Faith    .   c - +0 robe
rPois    .         Spirit   .   (helmet restricted)
rElec    .         Reflect  .   d - +1 cloak
rCorr    .         Harm     .   (gloves unavailable)
MR       .....                  (boots unavailable)
Stlth    ++++......             (no amulet)
HPRegen  0.08/turn              o - ring of ice
MPRegen  0.10/turn              v - ring "Feyxt" {+Fly rN++ Int+3}

@: very quick
A: very small, unfitting armour, see invisible, herbivore, speed 3, slow
metabolism 2
a: Evoke Flight


You were on level 4 of the Dungeon.
You were not hungry.

You visited 1 branch of the dungeon, and saw 4 of its levels.
You also visited: Sewer.

You collected 209 gold pieces.

Inventory:

Hand Weapons
 a - a +0 dagger of speed (weapon)
 b - a +0 blowgun
 p - a +2 dagger
Missiles
 e - 13 poisoned needles
 f - 2 curare-tipped needles
Armour
 c - a +0 robe (worn)
 d - a +1 cloak (worn)
Jewellery
 o - a ring of ice (left hand)
 v - the ring "Feyxt" (right hand) {+Fly rN++ Int+3}
   (You found it on level 4 of the Dungeon)

   [ring of intelligence]

   It affects your intelligence (+3).
   It greatly protects you from negative energy.
   It lets you fly.
Wands
 r - a wand of digging (9)
Scrolls
 i - 3 scrolls of fear
 l - 2 scrolls of remove curse
 q - 2 scrolls of teleportation
Potions
 h - 3 potions of heal wounds
 k - 3 potions of curing
 m - a potion of agility
 n - 2 potions of magic
 s - 2 potions of resistance {unknown}
 t - a potion of berserk rage {unknown}
Comestibles
 g - 5 rations


   Skills:
 - Level 1.5 Fighting
 + Level 3.8 Short Blades
 + Level 3.4 Throwing
 - Level 1.0 Armour
 + Level 3.5 Dodging
 + Level 7.3 Stealth
 - Level 1.1 Spellcasting
 + Level 0.1 Evocations


You had 6 spell levels left.
You didn't know any spells.
Your spell library was empty.

Dungeon Overview and Level Annotations

Branches:
Dungeon (4/15)
 Temple: D:4-7

Altars:
Elyvilon
Wu Jian

Annotations:
D:2 exclusion: downstairs
D:3 exclusion: downstairs
D:4 Pikel


Innate Abilities, Weirdness & Mutations

You are very small and have problems with some larger weapons.
You are too small for most types of armour.
You have supernaturally acute eyesight. (SInv)
You are a herbivore.
You cover ground extremely quickly.
You need to consume almost no food.


Message History

Drop what? 21/52 slots (_ for help) (? for menu, Esc to quit)
You drop 3 potions of flight.
An iguana comes into view.
Wield which item (- for none, * to show all)? (? for menu, Esc to quit)
Your hands tingle!
a - a +0 dagger of speed (weapon)
The iguana hisses angrily.
The iguana closely misses you.
You hit the iguana.
The iguana is lightly wounded.
You hit the iguana.
The iguana is lightly wounded.
The iguana bites you!
You barely miss the iguana.
The iguana is lightly wounded.
You hit the iguana but do no damage.
The iguana is lightly wounded.
The iguana bites you!
Ouch! That really hurt!
You die...

........###......#
#.#.........
............####.#
#...........
.....#####..####.#
#..##.....## .....#
#..##...## #..##.#.#.#
.....#
#..##....####.......#.#
.....#
#......_.............##
.....#
######....##.#.##....#
###### ##...# #. ##...#
#@### # ##..# #l# #..
#.. #.## #.# #.# #.###
....# ....


You could see an iguana.

Vanquished Creatures
  A hound (D:4)
  Robin (D:3)
  6 adders
  3 gnolls
  3 river rats
  An ooze (D:2)
  3 worms (D:2)
  2 dart slugs
  3 leopard geckos (D:3)
  6 bats
  2 giant cockroaches (D:2)
  12 goblins
  10 hobgoblins
  3 jackals
  6 ball pythons
  11 frilled lizards
  7 kobolds
  25 rats
105 creatures vanquished.

Vanquished Creatures (others)
  A quokka (D:2)
1 creature vanquished.

Grand Total: 106 creatures vanquished

Notes
Turn   | Place    | Note
-------+----------+-------------------------------------------
     0 | D:1      | Gildeon the Spriggan Assassin began the quest for the Orb.
     0 | D:1      | Reached XP level 1. HP: 10/10 MP: 2/2
   349 | D:1      | Reached skill level 6 in Stealth
   625 | D:1      | Reached XP level 2. HP: 14/14 MP: 3/3
  1215 | D:2      | Reached XP level 3. HP: 18/18 MP: 4/4
  1577 | D:2      | Found a white marble altar of Elyvilon.
  1940 | D:2      | Reached XP level 4. HP: 15/22 MP: 5/5
  2337 | D:2      | Reached skill level 1 in Armour
  2925 | D:3      | Found a glowing drain.
  2925 | D:3      | Noticed Robin
  3283 | D:3      | Killed Robin
  3292 | D:3      | Reached skill level 7 in Stealth
  3326 | Sewer    | Entered a sewer
  3484 | Sewer    | Reached XP level 5. HP: 24/25 MP: 6/6
  4727 | D:4      | Noticed Pikel
  4727 | D:4      | Noticed a slave
  4728 | D:4      | Noticed a slave
  4729 | D:4      | Noticed a slave
  5091 | D:4      | Found an ornate altar of the Wu Jian Council.
  5108 | D:4      | Reached skill level 1 in Spellcasting
  5242 | D:4      | Got a bound golden ring
  5244 | D:4      | Identified the ring "Feyxt" {+Fly rN++ Int+3} (You found it on level 4 of the Dungeon)
  5290 | D:4      | Slain by an iguana

Vault maps used:
D:1:      dpeg_arrival_circle_labyrinth_a, serial_forest,
          infiniplex_forest_3_way, infiniplex_forest_end_1,
          infiniplex_forest_lined_room_2, infiniplex_forest_lined_room_2,
          infiniplex_forest_clump_long, infiniplex_forest_clump_small,
          infiniplex_forest_pool, hex_tiny
D:2:      elyvilon_altar_4, minmay_split_cup_small
D:3:      portal_sewer_entry_b, roderic_lattice_a, uniq_robin
D:4:      nicolae_overflow_crystal_walls, first_ration, uniq_crazy_yiuf_cottage,
          uniq_pikel
Sewer:    sewer_co_cracked_pipes

Skill      XL: |  1  2  3  4  5 |
---------------+----------------+-----
Stealth        | 6 7 |  7.3
Dodging        | 2 3 |  3.5
Short Blades   | 3 |  3.8
Armour         | 1 |  1.0
Throwing       | 3 |  3.4
Spellcasting   | 1 |  1.1
Fighting       | |  1.5
Evocations     | |  0.1

Action                   |  1- 3 |  4- 6 || total
-------------------------+-------+-------++-------
Melee: Dagger            |   113 |   268 ||   381
 Fire: Blowgun           |    22 |    77 ||    99
  Use: Scroll            |     5 |     8 ||    13
 Stab: Sleeping          |    12 |    13 ||    25
       Distracted        |       |     3 ||     3
  Eat: Ration            |       |     1 ||     1
Armor: Robe              |    10 |    28 ||    38
Dodge: Dodged            |    50 |   137 ||   187

Table legend:
 A = Spawn XP
 B = Non-spawn XP
 C = Spawn XP percentage of total XP
 D = Spawn monster count
 E = Non-spawn monster count
 F = Spawn count percentage of total count
 G = Total turns spent on level
                    A         B        C        D         E        F      G
               +---------+---------+-------+---------+---------+-------+---------
         Total |       0 |     366 |   0.0 |       0 |     105 |   0.0 |  5290
               +---------+---------+-------+---------+---------+-------+---------
           D:1 |       0 |      29 |   0.0 |       0 |      15 |   0.0 |  1162
           D:2 |       0 |     119 |   0.0 |       0 |      34 |   0.0 |  1888
           D:3 |       0 |      73 |   0.0 |       0 |      27 |   0.0 |  1078
           D:4 |       0 |      98 |   0.0 |       0 |       7 |   0.0 |   514
         Sewer |       0 |      47 |   0.0 |       0 |      22 |   0.0 |   648
               +---------+---------+-------+---------+---------+-------+---------
